AoeStats
← 酥凉

Yucatan

510322406Analyzed
2v2 RM · 23h ago on Sep 30, 2026· 16m 14s· 4 players
Game mode
Random Map
Map size
Medium (4 player)
Population
200
Speed
Normal
Resources
Standard
Victory
Conquest
Starting age
Dark Age
Ending age
Imperial Age
RankedLock teamsTeams togetherTeam positionsShared explorationLock speedFull tech treeHidden civsTurbo modeCheats
Victory
Defeat
🇨🇱 Khitans · Chile
1040
+14
🇯🇴 Lithuanians · Jordan
967
+17
🇨🇳 Malians · China
1003
-16
🇨🇳 Muisca · China
977
-15
酥凉
1:51 Loom
12:12 Feudal Age
15:57 Castle Age
14:08 Double-Bit Axe
TKDanis
11:34 Feudal Age
11:58 Loom
15:51 Castle Age
PainLuna
5:32 Loom
14:43 Feudal Age
Black.ice27
12:18 Loom
14:05 Feudal Age
15:04 Horse Collar
15:11 Double-Bit Axe
18:19 Castle Age
Connection lost

Rejoining the realm…

Still unreachable

The connection could not be restored.

Session expired

The server has moved on; the page needs a fresh start.